 Dungeon Crawl Stone Soup version 0.30-a0-591-g3c58d2bc28 (webtiles) character file.

Game seed: 5556044279334977470

56 Newt the Trooper (level 3, -1/29 HPs)
             Began as a Demonspawn Gladiator on Jan 5, 2023.
             Slain by a gnoll
             ... wielding a +0 spear
              (6 damage)
             ... on level 2 of the Dungeon.
             The game lasted 00:01:21 (1865 turns).

Newt the Trooper (Demonspawn Gladiator)             Turns: 1865, Time: 00:01:22

Health: -1/29      AC:  7    Str: 16    XL:     3   Next: 69%
Magic:  12/12      EV: 11    Int:  9    God:
Gold:   79         SH:  7    Dex: 14    Spells: 2/2 levels left

rFire   . . .      SeeInvis .    a - +0 rapier
rCold   . . .      Faith    .    m - +0 buckler
rNeg    . . .      Spirit   .    b - +0 leather armour
rPois   .          Reflect  .    q - +2 helmet
rElec   .          Harm     .    r - +0 cloak
rCorr   .          Rampage  .    (no gloves)
Will    .....                    (no boots)
Stlth   ++                       (no amulet)
HPRegen 0.24/turn                j - ring of magical power
MPRegen 0.13/turn                (no ring)

@: no status effects
A: large bone plates 1, powered by pain 1
a: no special abilities


You were on level 2 of the Dungeon.
You visited 1 branch of the dungeon, and saw 2 of its levels.

You collected 79 gold pieces.

Inventory:

Hand Weapons
 a - a +0 rapier (weapon)
Missiles
 d - 3 throwing nets
 e - a javelin
 i - 7 boomerangs (quivered)
Armour
 b - a +0 leather armour (worn)
 c - a +0 helmet
 m - a +0 buckler (worn)
 q - a +2 helmet (worn)
 r - a +0 cloak (worn)
Jewellery
 j - a ring of magical power (left hand)
Scrolls
 f - a scroll of identify
 g - a scroll of teleportation
 k - a scroll of magic mapping
 l - 2 scrolls of vulnerability
 n - a scroll of enchant weapon
 t - a scroll of blinking {unknown}
 v - a scroll of noise {unknown}
Potions
 h - a potion of flight {unknown}
 o - 2 potions of might {unknown}
 p - 2 potions of attraction {unknown}
 s - a potion of haste {unknown}
 u - a potion of ambrosia {unknown}


   Skills:
 + Level 3.4 Fighting
 - Level 2.6 Short Blades
 - Level 1.7 Throwing
 - Level 2.6 Dodging
 - Level 2.0 Stealth


You had 2 spell levels left.
You didn't know any spells.
Your spell library was empty.

Dungeon Overview and Level Annotations

Branches:
Dungeon (2/15)

Altars:


Innate Abilities, Weirdness & Mutations

You are partially covered in large bone plates. (SH +4)
You sometimes gain a little power by taking damage.


Message History

The gnoll hits you from afar with a +0 spear.
Throw: 7 boomerangs
Press: ? - help, Q - select action, (/) - cycle Shift-Dir - straight line, f/p - gnoll
Aim: a gnoll, wielding a +0 club (severely wounded, 63% to hit)
You throw a boomerang. The boomerang hits the gnoll.
The gnoll is almost dead.
The gnoll hits you but does no damage. You block the gnoll's attack.
The gnoll hits you but does no damage. You block the gnoll's attack.
You hit the gnoll.
The gnoll is almost dead.
You block the gnoll's attack. The gnoll misses you.
You barely miss the gnoll.
The gnoll is almost dead.
The gnoll completely misses you. The gnoll barely misses you.
You barely miss the gnoll.
The gnoll is almost dead.
You block the gnoll's attack.
The gnoll hits you from afar with a +0 spear.
* * * LOW HITPOINT WARNING * * *
You hit the gnoll but do no damage.
The gnoll is almost dead.
The gnoll misses you. x2
You hit the gnoll but do no damage.
The gnoll is almost dead.
The gnoll hits you with a +0 club.
* * * LOW HITPOINT WARNING * * *
You block the gnoll's attack.
You hit the gnoll but do no damage.
The gnoll is almost dead.
The gnoll hits you but does no damage.
The gnoll hits you from afar with a +0 spear.
* * * LOW HITPOINT WARNING * * *
Throw: 7 boomerangs
Press: ? - help, Q - select action, (/) - cycle Shift-Dir - straight line, f/p - gnoll
Aim: a gnoll, wielding a +0 club (almost dead, 63% to hit)
You throw a boomerang. The boomerang closely misses the gnoll.
The boomerang hits the gnoll but does no damage.
The gnoll closely misses you.
The gnoll hits you from afar with a +0 spear.
You die...

#.# ... #.# #.#
#.# #.# #.# #.#
########
#.######......#
#...@ggS......#
########......#
#......######
#............
#..!.S.....g##
####.##.....#.
#..#<....#.
##.......#.
#..#..##.


You could see 2 gnolls and an adder.

Vanquished Creatures
  2 adders (D:2)
  A dart slug (D:1)
  5 endoplasms
  3 hobgoblins (D:1)
  3 jackals (D:1)
  4 quokkas
  4 ball pythons
  5 goblins
  5 kobolds (D:1)
32 creatures vanquished.

Notes
Turn   | Place    | Note
-------+----------+-------------------------------------------
     0 | D:1      | Newt the Demonspawn Gladiator began the quest for the Orb.
     0 | D:1      | Reached XP level 1. HP: 16/16 MP: 1/1
    42 | D:1      | Reached skill level 1 in Stealth
   281 | D:1      | Gained mutation: You are partially covered in large bone
                  | plates. (SH +4) [demonic ancestry]
   281 | D:1      | Reached XP level 2. HP: 16/22 MP: 2/2
   718 | D:1      | Gained mutation: You sometimes gain a little power by
                  | taking damage. [demonic ancestry]
   718 | D:1      | Reached XP level 3. HP: 17/28 MP: 3/3
  1595 | D:2      | Reached skill level 3 in Fighting
  1865 | D:2      | Slain by a gnoll

Illustrated notes

Levels and vault maps discovered:
D:1:      dpeg_arrival_morbid_curiosity, layout_basic, hangedman_decor_points,
          minmay_pentomino_z4
D:2:      layout_basic, uniq_natasha, uniq_terence

Skill      XL: |  1  2  3 |
---------------+----------+-----
Stealth        | 1 2 |  2.0
Fighting       | 3 |  3.4
Short Blades   | |  2.6
Throwing       | |  1.7
Dodging        | |  2.6

Action                   || total
-------------------------++-------
Melee: Rapier            ||   116
Throw: Boomerang         ||     7
  Use: Scroll            ||     4
 Stab: Sleeping          ||     3
Armor: Leather armour    ||    36
Dodge: Dodged            ||    46
Block: Other             ||     7
       Buckler           ||    28

Table legend: (Time is in decaauts)
 A = Elapsed time spent in this place.
 B = Non-inter-level travel time spent in this place.
 C = Inter-level travel time spent in this place.
 D = Time resting spent in this place.
 E = Time spent auto-exploring this place.
 F = Levels seen in this place.
 G = Mean time per level.
                   A        B        C        D        E       F      G
               +--------+--------+--------+--------+--------+-----+--------+
         Total |   1877 |   1716 |    161 |      0 |   1423 |   2 |  938.5 |
       Dungeon |   1877 |   1716 |    161 |      0 |   1423 |   2 |  938.5 |
               +--------+--------+--------+--------+--------+-----+--------+

Top non-repeatable levels by time:
     D:1: 1471 daAuts
     D:2: 405 daAuts
